 Dungeon Crawl Stone Soup version 0.26-a0-665-gefeb406119 (webtiles) character file.

Game seed: 12397407918067004028

17 grandjackal the Twirler (level 2, -2/25 HPs)
             Began as a Draconian Gladiator on Oct 16, 2020.
             Killed from afar by Natasha (4 damage)
             ... with a magic dart
             ... on level 2 of the Dungeon.
             The game lasted 00:00:48 (989 turns).

grandjackal the Twirler (Draconian Gladiator)        Turns: 989, Time: 00:00:50

Health: -2/25      AC:  4    Str: 16    XL:     2   Next: 44%
Magic:  2/2        EV: 13    Int: 14    God:
Gold:   27         SH:  0    Dex: 12    Spells: 1/1 levels left

rFire    . . .     SeeInvis .   a - +0 quarterstaff
rCold    . . .     Faith    .   (shield currently unavailable)
rNeg     . . .     Spirit   .   (armour unavailable)
rPois    .         Reflect  .   b - +0 hat
rElec    .         Harm     .   (no cloak)
rCorr    .         Rampage  .   (no gloves)
MR       .....                  (no boots)
Stlth    +.........             (no amulet)
HPRegen  0.08/turn              f - +6 ring of intelligence
MPRegen  0.08/turn              (no ring)

@: no status effects
A: unfitting armour, cold-blooded, AC +4
a: no special abilities


You were on level 2 of the Dungeon.
You visited 1 branch of the dungeon, and saw 2 of its levels.

You collected 27 gold pieces.

Inventory:

Hand Weapons
 a - a +0 quarterstaff (weapon)
Missiles
 c - 3 throwing nets (quivered)
Armour
 b - a +0 hat (worn)
Jewellery
 f - a +6 ring of intelligence (left hand)
Scrolls
 d - 2 scrolls of remove curse {unknown}
 e - a scroll of amnesia {unknown}
 g - 3 scrolls of identify {unknown}
 h - 2 scrolls of teleportation {unknown}
 i - a scroll of immolation {unknown}


   Skills:
 + Level 2.6 Fighting
 + Level 3.3 Staves
 - Level 1.7 Throwing
 + Level 3.0 Dodging


You had one spell level left.
You didn't know any spells.
Your spell library was empty.

Dungeon Overview and Level Annotations

Branches:
Dungeon (2/15)

Altars:

Annotations:
D:2 Natasha


Innate Abilities, Weirdness & Mutations

Your plain brown scales are hard. (AC +4)
You cannot fit into any form of body armour.
You are cold-blooded and may be slowed by cold attacks.


Message History

You feel disoriented. The white imp barely misses you. x2
You closely miss the white imp.
The white imp is almost dead.
You feel yourself speed up.
The white imp disappears in a puff of smoke! x2
Natasha casts a spell.
You miss Natasha.
Your tail-slap misses Natasha.
Natasha stares at you and mumbles some strange words.
The magic dart hits you!
* * * LOW HITPOINT WARNING * * *
The white imp hits you but does no damage.
You hit Natasha.
Natasha is lightly wounded.
Natasha claws you.
* * * LOW HITPOINT WARNING * * *
The white imp misses you.
Natasha stares at you and mumbles some strange words.
The magic dart hits you.
You die...

..[......###.......... ..
.......#..............#
.###########........... #
## #.......... #. ..
#......[... ###.###.
##........# ......#.
##.(......
......#.########......###
.........##§wh@5.######
....!..#....######
............##
........###..# ........#
##.# ......... ....
.......## ###### .......
.......


You could see a worm, Natasha and a white imp (summoned).

Vanquished Creatures
  A leopard gecko (D:1)
  A giant cockroach (D:2)
  5 hobgoblins
  3 bats
  2 frilled lizards (D:1)
  A kobold (D:1)
  2 rats
15 creatures vanquished.

Notes
Turn   | Place    | Note
-------+----------+-------------------------------------------
     0 | D:1      | grandjackal the Draconian Gladiator began the quest for the
                  | Orb.
     0 | D:1      | Reached XP level 1. HP: 17/17 MP: 1/1
   496 | D:1      | Reached XP level 2. HP: 22/25 MP: 2/2
   969 | D:2      | Noticed Natasha
   989 | D:2      | Killed from afar by Natasha

Illustrated notes

Levels and vault maps discovered:
D:1:      lemuel_arrival_rhombus, layout_basic
D:2:      layout_rooms, uniq_natasha

Skill      XL: |  1  2 |
---------------+-------+-----
Dodging        | 3 |  3.0
Fighting       | |  2.6
Staves         | |  3.3
Throwing       | |  1.7

Action                   || total
-------------------------++-------
Melee: Quarterstaff      ||    35
       Tailslap          ||     2
 Stab: Sleeping          ||     2
Armor: Skin              ||    13
Dodge: Dodged            ||    23

Table legend: (Time is in decaauts)
 A = Elapsed time spent in this place.
 B = Non-inter-level travel time spent in this place.
 C = Inter-level travel time spent in this place.
 D = Time resting spent in this place.
 E = Time spent auto-exploring this place.
 F = Levels seen in this place.
 G = Mean time per level.
                   A        B        C        D        E       F      G
               +--------+--------+--------+--------+--------+-----+--------+
         Total |    994 |    972 |     22 |      0 |    854 |   2 |  497.0 |
       Dungeon |    994 |    972 |     22 |      0 |    854 |   2 |  497.0 |
               +--------+--------+--------+--------+--------+-----+--------+

Top non-repeatable levels by time:
     D:1: 860 daAuts
     D:2: 133 daAuts
